 Dungeon Crawl Stone Soup version 0.28.0-53-g5a82cb258f (webtiles) character file.

Game seed: 12777909225357527762

7506 Labrat the Thaumaturge (level 10, -1/88 HPs)
             Began as a Demigod Conjurer on Aug 6, 2022.
             Slain by a boulder beetle (17 damage)
             ... on level 10 of the Dungeon.
             The game lasted 00:35:03 (11346 turns).

Labrat the Thaumaturge (Demigod Conjurer)          Turns: 11346, Time: 00:35:04

Health: -1/88      AC: 12    Str:  8    XL:     10   Next: 64%
Magic:  3/30       EV: 12    Int: 38    God:
Gold:   407        SH:  0    Dex: 20    Spells: 25/32 levels left

rFire   . . .      SeeInvis .   v - +5 war axe "Asseh" {spect, +Blink Dex+5}
rCold   . . .      Faith    .   (no shield)
rNeg    . . .      Spirit   .   a - +0 robe
rPois   .          Reflect  .   C - +0 helmet
rElec   .          Harm     .   D - +2 cloak
rCorr   .          Rampage  .   e - +1 pair of gloves {Dex+3}
Will    +....                   (no boots)
Stlth   ++........              c - amulet of magic regeneration
HPRegen 0.24/turn               A - +4 ring of protection
MPRegen 0.62/turn               N - +6 ring of intelligence

@: no status effects
A: high MP 1, forlorn, divine attributes
a: Evoke Blink


You were on level 10 of the Dungeon.
You visited 2 branches of the dungeon, and saw 11 of its levels.
You also visited: Bailey.

You collected 407 gold pieces.

Inventory:

Hand Weapons
 v - the +5 war axe "Asseh" (weapon) {spect, +Blink Dex+5}
   (You took it off an orc priest on level 5 of the Dungeon)

   When its wielder attacks, the weapon's spirit leaps out and strikes again.
   The spirit shares a part of any damage it takes with its wielder.
   Dex:       It affects your dexterity (+5).
   +Blink:    It lets you blink.
Missiles
 m - 32 poisoned darts
 p - 2 javelins
Armour
 a - a +0 robe (worn)
 e - a +1 pair of gloves of dexterity (worn)
 C - a +0 helmet (worn)
 D - a +2 cloak (worn)
Jewellery
 c - an amulet of magic regeneration (around neck)
 d - a ring of positive energy
 s - a ring of protection from cold
 A - a +4 ring of protection (left hand)
 N - a +6 ring of intelligence (right hand)
 P - a ring of positive energy
Wands
 g - a wand of flame (13)
 h - a wand of iceblast (16)
 o - a wand of paralysis (3)
 w - a wand of polymorph (15)
Scrolls
 b - 4 scrolls of enchant armour
 j - 3 scrolls of teleportation
 k - 3 scrolls of vulnerability
 l - 3 scrolls of magic mapping
 u - a scroll of immolation {unknown}
 y - a scroll of fog {unknown}
 F - 3 scrolls of amnesia {unknown}
 I - a scroll of brand weapon {unknown}
 J - 2 scrolls of blinking {unknown}
 L - a scroll of silence {unknown}
 M - a scroll of noise {unknown}
 O - a scroll of fear {unknown}
 Q - 3 scrolls of holy word {unknown}
Potions
 f - 2 potions of might
 i - 3 potions of brilliance
 n - 2 potions of invisibility
 q - 2 potions of lignification
 r - a potion of resistance {unknown}
 t - a potion of berserk rage {unknown}
 x - 2 potions of cancellation {unknown}
 z - a potion of ambrosia {unknown}
 B - 5 potions of curing {unknown}
 E - a potion of flight {unknown}
 G - 2 potions of heal wounds {unknown}
 H - 4 potions of magic {unknown}
 K - a potion of degeneration {unknown}


   Skills:
 - Level 8.0 Fighting
 - Level 1.7 Dodging
 - Level 1.7 Stealth
 + Level 11.9 Spellcasting
 - Level 5.0 Conjurations


You had 25 spell levels left.
You knew the following spells:

 Your Spells              Type           Power      Damage    Failure   Level
a - Magic Dart            Conj           100%       1d8       1%          1
b - Searing Ray           Conj           100%       2d8       1%          2
c - Iskenderun's Mystic   Conj/Tloc      41%        2d9       6%          4

Your spell library contained the following spells:

 Spells                   Type           Power      Damage    Failure   Level
 Animate Skeleton         Necr           44%        N/A       1%          1
 Pain                     Necr           88%        1d8       1%          1
 Sting                    Tmut/Pois      88%        1d7       1%          1
 Dazzling Flash           Conj/Hex       82%        N/A       1%          3
 Poisonous Vapours        Pois/Air       44%        N/A       2%          2
 Tukima's Dance           Hex            22%        N/A       4%          3
 Vampiric Draining        Necr           22%        2d7       4%          3
 Fulminant Prism          Conj/Hex       20%        3d13      6%          4
 Olgreb's Toxic Radiance  Pois           22%        N/A       17%         4
 Passage of Golubria      Tloc           22%        N/A       17%         4
 Agony                    Necr           22%        N/A       43%         5
 Silence                  Hex/Air        11%        N/A       43%         5
 Yara's Violent Unravell  Hex/Tmut       11%        3d6       43%         5


Dungeon Overview and Level Annotations

Branches:
Dungeon (10/15)            Temple (1/1) D:6            Lair (0/6) D:9
    Orc (0/2) D:10         Bailey (visited)

Shops:
D:4 ==(   D:7 *   D:9 *


Innate Abilities, Weirdness & Mutations

You have an increased reservoir of magic. (+10% MP)
You shall have no god before yourself.
Your divine heritage dramatically boosts your attributes as you level up.


Message History

You throw a poisoned dart.
The poisoned dart hits the boulder beetle.
The boulder beetle looks even sicker.
The boulder beetle is heavily wounded.
Casting: Iskenderun's Mystic Blast (dangerous; 6% risk of failure)
Confirm with . or Enter, or press ? or * to list all spells.
You erupt in a blast of force!
The mystic blast hits the boulder beetle but does no damage.
The boulder beetle is heavily wounded.
The boulder beetle hits you!
The boulder beetle stops rolling and uncurls.
Casting: Iskenderun's Mystic Blast (dangerous; 6% risk of failure)
Confirm with . or Enter, or press ? or * to list all spells.
You erupt in a blast of force!
The mystic blast hits the boulder beetle but does no damage.
The boulder beetle is heavily wounded.
The boulder beetle barely misses you.
Unknown command.
There are no items here.
Casting: Iskenderun's Mystic Blast (dangerous; 6% risk of failure)
Confirm with . or Enter, or press ? or * to list all spells.
You erupt in a blast of force!
The mystic blast hits the boulder beetle.
The boulder beetle is heavily wounded.
The boulder beetle bites you!
Unknown command.
Casting: Iskenderun's Mystic Blast (dangerous; 6% risk of failure)
Confirm with . or Enter, or press ? or * to list all spells.
You don't know that spell.
Unknown command.
You hit the boulder beetle but do no damage.
The boulder beetle is heavily wounded.
The boulder beetle bites you!!
You hit the boulder beetle.
The boulder beetle is severely wounded.
The boulder beetle waves its antennae.
The boulder beetle bites you!!
* * * LOW HITPOINT WARNING * * *
The boulder beetle bites you!
You die...

.. .. ## .
############.)..
#(.○.B°°.°°..>..
#.##########.##.
#B# #@# #.# #.#
#.#######
#.......#
#######.# #.#
#.# #.#


You could see a boulder beetle (poisoned).

Vanquished Creatures
  Pikel (D:5)
  2 centaur zombies
  A troll (D:9)
  A meliai zombie (D:9)
  Sigmund (D:4)
  9 yaks
  A vampire (D:10)
  Grum (D:8)
  A steam dragon (D:8)
  An acid dragon (D:9)
  A water moccasin (D:6)
  12 orc warriors
  An ice beast (D:8)
  2 ogres
  The ghost of Descartes the Chopper, an amateur MiWr (D:3)
  A hornet zombie (D:8)
  2 necrophages (D:6)
  5 centaurs
  3 wolves (D:8)
  3 lemures (D:5)
  2 kobold brigands (D:8)
  2 bullfrogs
  3 scorpions
  2 water moccasin skeletons
  5 wights (D:7)
  5 electric eels (D:7)
  4 hounds
  6 orc priests
  A bullfrog skeleton (D:5)
  2 iguanas (D:6)
  7 orc wizards
  A howler monkey zombie (D:9)
  8 gnolls (Bailey)
  4 adders
  An ufetubus (D:4)
  A worm (D:3)
  13 dart slugs
  33 orcs
  5 bats
  6 endoplasms
  3 giant cockroaches
  16 goblins
  19 hobgoblins
  7 jackals
  14 kobolds
  A quokka (D:1)
  7 ball pythons
  A frilled lizard (D:3)
  7 rats
236 creatures vanquished.

Vanquished Creatures (others)
  7 plants (D:6)
  A withered plant (D:2)
8 creatures vanquished.

Grand Total: 244 creatures vanquished

Notes
Turn   | Place    | Note
-------+----------+-------------------------------------------
     0 | D:1      | Labrat the Demigod Conjurer began the quest for the Orb.
     0 | D:1      | Reached XP level 1. HP: 14/14 MP: 5/5
   169 | D:1      | Reached skill level 2 in Spellcasting
   341 | D:1      | Reached XP level 2. HP: 20/20 MP: 3/7
   918 | D:1      | Learned a level 2 spell: Searing Ray
  1134 | D:2      | You fall into a shaft and drop 1 floor!
  1145 | D:3      | Found a runed translucent gate.
  1145 | D:3      | Found a runed translucent gate.
  1146 | D:3      | Found a runed translucent gate.
  1247 | D:2      | Reached XP level 3. HP: 26/26 MP: 7/9
  2005 | D:3      | Noticed Descartes's ghost (amateur MiWr)
  2358 | D:4      | Noticed a scorpion
  2406 | D:4      | Found Kumm's Antique Weapon Shoppe.
  2455 | D:4      | Found Tijutof's Jewellery Shop.
  2462 | D:4      | Reached skill level 3 in Spellcasting
  2462 | D:4      | Reached XP level 4. HP: 33/33 MP: 9/11
  2503 | D:4      | Noticed Sigmund
  2924 | D:4      | Found Umug's Jewellery Emporium.
  3158 | D:4      | Killed Sigmund
  3159 | D:4      | Reached skill level 4 in Spellcasting
  3159 | D:4      | Reached skill level 5 in Conjurations
  3159 | D:4      | Reached XP level 5. HP: 17/38 MP: 5/15
  3159 | D:4      | Reached XP level 6. HP: 20/45 MP: 5/16
  3392 | D:5      | Entered Level 5 of the Dungeon
  3550 | D:5      | Reached skill level 5 in Spellcasting
  3706 | D:5      | Identified the +5 war axe "Asseh" {spect, +Blink Dex+5}
  3961 | D:5      | Reached skill level 6 in Spellcasting
  3961 | D:5      | Reached XP level 7. HP: 49/50 MP: 16/19
  4056 | D:5      | Noticed Pikel
  4401 | D:6      | Found a staircase to the Ecumenical Temple.
  4423 | D:6      | Reached skill level 7 in Spellcasting
  4441 | Temple   | Entered the Ecumenical Temple
  4934 | D:5      | Reached skill level 8 in Spellcasting
  4934 | D:5      | Reached XP level 8. HP: 9/57 MP: 18/24
  5370 | D:6      | Reached skill level 1 in Fighting
  6280 | D:7      | Found Hasotsof's Assorted Antiques.
  6495 | D:7      | Reached skill level 5 in Fighting
  7353 | D:3      | Learned a level 4 spell: Iskenderun's Mystic Blast
  7398 | D:3      | Killed Descartes's ghost
  7399 | D:3      | Reached XP level 9. HP: 40/78 MP: 25/25
  7783 | D:5      | Killed Pikel
  8016 | D:8      | Found a flagged portal.
  8024 | Bailey   | Entered a bailey
  8399 | Bailey   | Reached skill level 9 in Spellcasting
  8401 | Bailey   | Noticed an orc knight
  8506 | Bailey   | Noticed an orc warlord
  8518 | Bailey   | Noticed an orc knight
  8862 | D:8      | Noticed Grum
  9306 | D:8      | Reached XP level 10. HP: 81/88 MP: 25/28
  9381 | D:8      | Reached skill level 10 in Spellcasting
  9477 | D:8      | Killed Grum
 10057 | D:9      | Found a staircase to the Lair.
 10086 | D:9      | Found Muahoz's Assorted Antiques.
 10409 | D:9      | Reached skill level 11 in Spellcasting
 11050 | D:10     | Entered Level 10 of the Dungeon
 11274 | D:10     | Found a staircase to the Orcish Mines.
 11324 | D:10     | Noticed a boulder beetle
 11346 | D:10     | Slain by a boulder beetle

Illustrated notes

Levels and vault maps discovered:
D:1:      zaba_arrival_water, layout_rooms
D:2:      layout_basic, ebering_ecumenical_altar_petrified
D:3:      layout_loops_ring, nicolae_overflows_in_rows, gammafunk_ghost_split,
          grunt_ministairs_15
D:4:      layout_rooms, serial_shops, nicolae_shop_competitors_out_of_business,
          nicolae_stop_n_shop_1, shop, uniq_sigmund
D:5:      kennysheep_slugbush, layout_basic, uniq_pikel
D:6:      layout_basic, minmay_temple_entry_gardened_gates
D:7:      layout_loops_cross, gammafunk_temple_overflow_elements, serial_shops,
          shop, kennysheep_boxes
D:8:      layout_basic, enter_bailey_4, st_stairs_7, uniq_grum
D:9:      layout_small_grid, dpeg_oklobed_lair, serial_shops,
          nicolae_shop_overgrown_old_shop
D:10:     layout_loops_ring, orc_0_dummy
Temple:   compressed_dpeg_triangle_lava_temple

Skill      XL: |  1  2  3  4  5  6  7  8  9 10 |
---------------+-------------------------------+-----
Spellcasting   | 2 3 4 6 8 9 11 | 11.9
Conjurations   | 4 5 |  5.0
Fighting       | 6 8 |  8.0
Dodging        | |  1.7
Stealth        | |  1.7

Action                   |  1- 3 |  4- 6 |  7- 9 | 10-12 || total
-------------------------+-------+-------+-------+-------++-------
Melee: War axe           |       |     1 |    63 |    36 ||   100
       Punch             |       |       |     1 |     1 ||     2
Throw: Dart              |       |     2 |       |     2 ||     4
 Cast: Magic Dart        |   107 |    74 |   187 |    23 ||   391
       Searing Ray       |     2 |    13 |    45 |    11 ||    71
       Iskenderun's Myst |       |       |     6 |    23 ||    29
Evoke: Wand              |       |       |     3 |       ||     3
  Use: Scroll            |       |       |     7 |     2 ||     9
 Stab: Sleeping          |       |       |     2 |     1 ||     3
       Distracted        |       |       |       |     1 ||     1
Armor: Robe              |     2 |     1 |    28 |    25 ||    56
Dodge: Dodged            |     7 |     9 |    82 |    42 ||   140
